 Dungeon Crawl Stone Soup version 0.21.1-1-g345015f (webtiles) character file.

861 suicidejoker the Covert (level 8, -13/50 HPs)
             Began as an Octopode Assassin on Apr 11, 2018.
             Was an Initiate of Gozag.
             Mangled by an ogre
             ... wielding a +0 giant spiked club
              (31 damage)
             ... on level 5 of the Dungeon.
             The game lasted 00:18:55 (4290 turns).

suicidejoker the Covert (Octopode Assassin)         Turns: 4290, Time: 00:18:56

Health: -13/50     AC:  1    Str: 12    XL:     8   Next: 2%
Magic:  6/8        EV: 13    Int: 19    God:    Gozag
Gold:   255        SH:  0    Dex: 13    Spells: 6/8 levels left

rFire    . . .     SeeInvis .   a - +2 dagger
rCold    . . .     Gourm    .   (no shield)
rNeg     . . .     Faith    .   (helmet restricted)
rPois    .         Spirit   .   (no amulet)
rElec    .         Reflect  .   i - ring of flight
rCorr    .         Harm     .   (no ring)
MR       .....                  (no ring)
Stlth    ++++++....             (no ring)
HPRegen  0.16/turn              (no ring)
MPRegen  0.11/turn              (no ring)
                                (no ring)
                                (no ring)

@: brilliant
A: almost no armour, stealthy swim, amphibious, 8 rings, constrict 8, camouflage
1, gelatinous body 1
a: Potion Petition, Call Merchant, Bribe Branch, Renounce Religion, Evoke Flight


You were on level 5 of the Dungeon.
You worshipped Gozag.
Gozag was aware of your devotion.
You were not hungry.

You visited 1 branch of the dungeon, and saw 5 of its levels.

You collected 327 gold pieces.
You paid 72 gold pieces to Gozag.

Inventory:

Hand Weapons
 a - a +2 dagger (weapon)
 b - a +0 blowgun
 e - a +0 hunting sling
Missiles
 c - 33 poisoned needles
 j - 21 sling bullets
 k - 163 stones (quivered)
 n - 43 arrows
 t - 19 bolts
 u - a throwing net
Jewellery
 i - a ring of flight (left tentacle)
Wands
 h - a wand of polymorph (9)
Scrolls
 g - a scroll of teleportation {unknown}
 l - 5 scrolls of identify
 m - a scroll of amnesia
 o - 2 scrolls of magic mapping
Potions
 p - 2 potions of flight
 s - a potion of brilliance
Books
 r - a book of Maledictions

   Spells                             Type                      Level
   a - Corona                         Hexes                        1
   b - Ensorcelled Hibernation        Hexes/Ice                    2
   c - Confuse                        Hexes                        3
   d - Tukima's Dance                 Hexes                        3
   e - Dazzling Spray                 Conjuration/Hexes            3
Comestibles
 f - 7 rations


   Skills:
 + Level 2.0 Fighting
 + Level 2.1 Short Blades
 - Level 2.0 Throwing
 + Level 1.1 Dodging
 + Level 12.8 Stealth
 * Level 0.5 Spellcasting
 + Level 0.2 Hexes
 + Level 0.3 Ice Magic
 + Level 0.2 Evocations


You had 6 spell levels left.
You knew the following spells:

 Your Spells              Type           Power        Failure   Level  Hunger
a - Ensorcelled Hibernat  Hex/Ice        ##....       3%          2    ###....


Dungeon Overview and Level Annotations

Branches:
Dungeon (5/15)             Temple (0/1) D:5

Altars:
Gozag
Nemelex Xobeh
Qazlal
Sif Muna


Innate Abilities, Weirdness & Mutations

You cannot wear most types of armour.
You are very stealthy in the water. (Stealth+)
You are amphibious.
You can wear up to eight rings at the same time.
You can use your tentacles to constrict eight enemies at once.
Your skin changes colour to match your surroundings (Stealth+).
Your rubbery body absorbs attacks. (AC +1, EV +1)


Message History

You feel better. The ogre barely misses you.
The leopard gecko hisses menacingly.
The leopard gecko barely misses you.
Evoke which item? (* to show all) (? for menu, Esc to quit)
Okay, then.
It was a potion of brilliance.
You feel clever all of a sudden. The leopard gecko closely misses you.
Evoke which item? (* to show all) (? for menu, Esc to quit)
Okay, then.
Casting: Ensorcelled Hibernation
Confirm with . or Enter, or press ? or * to list all spells.
Aiming: Ensorcelled Hibernation
Press: ? - help, Shift-Dir - straight line, f - ogre
Aim: an ogre, wielding a giant spiked club (moderately wounded, chance to defeat MR: 43%)
The ogre resists with some effort.
The ogre hits you with a giant spiked club!!
Ouch! That really hurt!
You die...
Your body crumbles into a pile of gold.

#.# #.# #.# # #.#.#
#.#.### ##.....###
#......... #l##.#.###
#@# .. #O# o..
#########.## ..#
#######.........$###.#.#
#...............(..o.# #
#.#####.#######.......h
##<# #.# ##o#####l
...#####.# .# .........#
.#


You could see an ogre, an orc wizard and a leopard gecko.

Vanquished Creatures
  The ghost of ExodusRising the Shield-Bearer, an amateur MiFi (D:4)
  Edmund (D:4)
  The ghost of Banjoman64 the Poker, an amateur MfIE of Okawaru (D:3)
  A phantom (D:4)
  A scorpion (D:4)
  2 howler monkeys
  An orc wizard (D:5)
  2 worker ants
  A killer bee zombie (D:5)
  Robin (D:3)
  5 adders
  3 oozes
  An adder skeleton (D:4)
  A worm (D:4)
  2 dart slugs
  2 leopard geckos
  9 orcs
  3 ball pythons
  4 giant cockroaches
  15 goblins
  8 hobgoblins
  6 jackals (D:2)
  6 kobolds
  A quokka (D:3)
  6 bats
  2 frilled lizards
  A jackal zombie (D:4)
  A quokka skeleton (D:4)
  8 rats
96 creatures vanquished.

Notes
Turn   | Place    | Note
-------+----------+-------------------------------------------
     0 | D:1      | suicidejoker the Octopode Assassin began the quest for the Orb.
     0 | D:1      | Reached XP level 1. HP: 14/14 MP: 1/1
   232 | D:1      | Reached skill level 6 in Stealth
   232 | D:1      | Reached XP level 2. HP: 19/19 MP: 2/2
   722 | D:2      | Reached XP level 3. HP: 17/24 MP: 3/3
   893 | D:2      | Reached skill level 7 in Stealth
  1031 | D:2      | Reached XP level 4. HP: 29/29 MP: 4/4
  1378 | D:2      | Noticed a phantom
  1553 | D:3      | Reached skill level 8 in Stealth
  1579 | D:3      | Noticed Robin
  1580 | D:3      | Found a sparkling altar of Nemelex Xobeh.
  1608 | D:3      | Killed Robin
  1949 | D:3      | Reached XP level 5. HP: 26/34 MP: 5/5
  2032 | D:3      | Found a deep blue altar of Sif Muna.
  2036 | D:3      | Noticed Banjoman64's ghost (amateur MfIE)
  2055 | D:3      | Killed Banjoman64's ghost
  2055 | D:3      | Reached skill level 9 in Stealth
  2055 | D:3      | Reached XP level 6. HP: 39/39 MP: 6/6
  2149 | D:3      | Reached skill level 10 in Stealth
  2489 | D:4      | Noticed a phantom
  2817 | D:4      | Killed a phantom
  3166 | D:4      | Found an opulent altar of Gozag.
  3174 | D:4      | Became a worshipper of Gozag Ym Sagoz the Greedy
  3194 | D:4      | Found a stormy altar of Qazlal.
  3252 | D:4      | Reached skill level 11 in Stealth
  3351 | D:4      | Noticed Edmund
  3370 | D:4      | Reached XP level 7. HP: 26/45 MP: 7/7
  3598 | D:4      | Noticed ExodusRising's ghost (amateur MiFi)
  3628 | D:4      | Killed ExodusRising's ghost
  3628 | D:4      | Reached skill level 12 in Stealth
  3864 | D:4      | Killed Edmund
  4085 | D:5      | Entered Level 5 of the Dungeon
  4200 | D:5      | Found a staircase to the Ecumenical Temple.
  4236 | D:5      | Learned a level 2 spell: Ensorcelled Hibernation
  4281 | D:5      | Reached XP level 8. HP: 36/50 MP: 8/8
  4290 | D:5      | Mangled by an ogre

Skill      XL: |  1  2  3  4  5  6  7 |
---------------+----------------------+-----
Stealth        | 6 7 8 9 11 12 | 12.8
Fighting       | |  2.0
Short Blades   | |  2.1
Throwing       | |  2.0
Dodging        | |  1.1
Spellcasting   | |  0.5
Hexes          | |  0.2
Ice Magic      | |  0.3
Evocations     | |  0.2

Action                   |  1- 3 |  4- 6 |  7- 9 || total
-------------------------+-------+-------+-------++-------
Melee: Dagger            |    55 |   124 |    41 ||   220
       Tentacles         |    10 |    27 |     8 ||    45
       Constrict         |     9 |    23 |     8 ||    40
       Unarmed           |       |     8 |    26 ||    34
 Fire: Blowgun           |       |       |    14 ||    14
Throw: Stone             |       |    51 |     2 ||    53
 Cast: Ensorcelled Hiber |       |       |     1 ||     1
Invok: Potion Petition   |       |     1 |       ||     1
  Use: Scroll            |       |     3 |     5 ||     8
       Potion            |       |     1 |     5 ||     6
 Stab: Sleeping          |    17 |    13 |     2 ||    32
       Distracted        |       |       |     1 ||     1
  Eat: Chunk             |       |     4 |       ||     4
       Ration            |       |     1 |     1 ||     2
Armor: Skin              |     6 |    13 |    34 ||    53
Dodge: Dodged            |    29 |    50 |    19 ||    98
